Map: Eastwatch LE

Players

Serral

  • Race: Zerg Zerg
  • Spawn Location: 7:00

Classic - Winner!

  • Race: Protoss Protoss
  • Spawn Location: 1:00

Event: IEM Season 12 - Katowice

VOD

Have the link to the VOD?

Description

Time

  • Played on: March 4, 2018, 5:20 a.m.
  • Length: 12:11

All games in this series

Show
View Real Time Build Order
Export as new Build Order

Serral Zerg 

Build Orders: Hatch First, Lurkers, Roach Hydra 

Get SALT Encoding   

  12  0:00  Drone  
  13  0:12  Overlord  
  13  0:16  Drone  
  14  0:30  Drone x2  
  14  0:34  Drone  
  17  0:52  Hatchery  
  17  0:54  Drone  
  17  0:57  Drone  
  18  1:08  Extractor  
  17  1:12  Spawning Pool  
  17  1:15  Drone  
  17  1:18  Drone  
  18  1:27  Drone  
  19  1:39  Overlord  
  19  1:50  Drone  
  20  2:00  Queen  
  20  2:01  Drone  
  23  2:04  Queen  
  23  2:05  Zergling x2  
  23  2:07  Metabolic Boost  
  26  2:11  Drone  
  26  2:15  Drone  
  28  2:21  Drone  
  29  2:26  Drone  
  30  2:33  Drone  
  31  2:40  Hatchery  
  30  2:44  Queen  
  30  2:49  Overlord  
  32  2:52  Drone  
  32  2:55  Drone  
  32  2:57  Drone  
  36  2:58  Drone  
  36  3:08  Drone x2, Overlord  
  36  3:10  Drone  
  36  3:11  Zergling x2  
  40  3:19  Drone  
  41  3:22  Spore Crawler  
  39  3:27  Drone  
  39  3:29  Drone x2  
  39  3:32  Queen  
  39  3:33  Spore Crawler  
  43  3:40  Drone x2  
  45  3:42  Overlord  
  45  3:44  Drone  
  46  3:50  Drone, Lair  
  46  3:52  Drone  
  49  3:55  Drone  
  49  4:00  Overlord  
  49  4:01  Overlord  
  49  4:06  Drone x2  
  49  4:08  Overlord  
  50  4:12  Drone  
  50  4:13  Drone  
  52  4:17  Queen  
  52  4:22  Drone x2  
  52  4:23  Spore Crawler  
  55  4:28  Roach Warren  
  55  4:30  Drone, Extractor  
  54  4:31  Drone, Extractor  
  54  4:33  Drone x2  
  54  4:36  Drone  
  57  4:38  Drone  
  57  4:39  Drone  
  57  4:42  Drone x2  
  57  4:44  Drone  
  57  4:45  Drone  
  62  4:48  Drone x2  
  62  4:52  Overlord  
  64  4:56  Drone  
  64  4:57  Drone x3  
  68  5:00  Overlord  
  67  5:10  Roach x4  
  67  5:11  Evolution Chamber  
  67  5:12  Glial Reconstitution  
  74  5:18  Roach x2  
  74  5:19  Roach  
  80  5:27  Roach x3  
  80  5:28  Roach  
  88  5:29  Overlord  
  88  5:36  Roach x2  
  88  5:38  Zerg Missile Weapons Level 1  
  88  5:40  Drone x5  
  97  5:44  Overlord x2  
  96  5:57  Extractor  
  96  5:58  Extractor  
  96  5:59  Roach x4  
  96  6:03  Extractor  
  101  6:09  Overlord  
  101  6:13  Drone x4  
  101  6:15  Drone  
  101  6:16  Drone, Hydralisk Den  
  106  6:23  Overlord  
  106  6:24  Overlord  
  106  6:25  Drone x2  
  108  6:30  Overlord  
  108  6:31  Overseer  
  108  6:34  Hatchery  
  108  6:35  Drone x2  
  108  6:37  Overlord  
  109  6:40  Overlord  
  109  6:43  Queen  
  109  6:47  Grooved Spines  
  109  6:49  Drone x2  
  109  6:51  Drone  
  109  6:52  Lurker Den  
  109  6:53  Overlord  
  111  7:07  Hydralisk x5  
  121  7:15  Drone x2  
  123  7:16  Evolution Chamber  
  123  7:17  Drone x7  
  123  7:18  Infestation Pit  
  128  7:24  Drone x5  
  133  7:30  Overlord  
  133  7:33  Zerg Missile Weapons Level 2  
  133  7:39  Drone x2  
  133  7:40  Drone x3, Hatchery  
  133  7:43  Hydralisk, Zerg Ground Armor Level 1  
  133  7:44  Hydralisk  
  137  7:48  Extractor  
  137  7:49  Queen, Extractor  
  141  7:56  Hive  
  141  7:59  Muscular Augments  
  141  8:00  Hydralisk x4  
  149  8:06  Overlord x2  
  149  8:09  Hydralisk x2  
  152  8:15  Roach, Hydralisk x2  
  158  8:22  Lurker x3  
  158  8:25  Roach x3  
  167  8:28  Overlord x2  
  167  8:36  Roach x5  
  173  8:44  Roach  
  173  8:45  Roach x4  
  172  8:52  Drone x6  
  172  8:55  Drone x5  
  171  8:57  Drone  
  171  8:58  Drone  
  165  9:11  Adaptive Talons  
  165  9:13  Hydralisk x4  
  169  9:19  Extractor  
  169  9:21  Extractor  
  169  9:22  Lurker x4  
  167  9:26  Drone x5  
  167  9:27  Drone x4  
  176  9:34  Hydralisk x3  
  176  9:35  Zergling x6  
  185  9:43  Overlord  
  185  9:48  Zerg Ground Armor Level 2  
  185  9:52  Hatchery  
  184  9:59  Overlord  
  184  10:06  Hydralisk x3  
  184  10:07  Roach x5  
  184  10:10  Drone  
  195  10:22  Lurker x3  
  198  10:28  Drone  
  198  10:32  Overlord  
  199  10:39  Lurker x2  
  195  10:44  Hydralisk  
  195  10:45  Hydralisk x2  
  195  10:46  Roach x4  
  197  10:55  Spine Crawler x2  
  195  10:58  Ravager  
  195  10:59  Ravager  
  189  11:05  Hydralisk x3  
  189  11:06  Roach x3  
  184  11:12  Roach x8  
  170  11:19  Hydralisk  
  170  11:20  Hydralisk x6  
  170  11:25  Roach x4  
  182  11:26  Roach  
  182  11:29  Roach x2, Zergling x20  
  185  11:35  Roach  
  185  11:39  Roach  
  155  11:42  Hydralisk  
  155  11:44  Roach  
  118  12:08  Hatchery  
Show
View Real Time Build Order
Export as new Build Order

Classic Protoss - Winner!

Build Orders: 1 Gate Expand, Oracle Opening, Phoenix Opening, Archon Immortal, Zealot Archon, Archon Drop 

Get SALT Encoding   

  12  0:00  Probe  
  13  0:12  Probe  
  14  0:19  Pylon  
  14  0:24  Probe  
  15  0:37  Probe (Chrono Boost)  
  15  0:40  Gateway  
  16  0:47  Probe (Chrono Boost), Assimilator  
  17  0:52  Probe (Chrono Boost)  
  18  1:04  Probe  
  19  1:16  Probe  
  20  1:24  Nexus  
  20  1:28  Probe  
  21  1:38  Cybernetics Core  
  21  1:41  Probe  
  22  1:47  Assimilator  
  22  1:53  Pylon  
  22  1:57  Probe  
  23  2:11  Probe  
  23  2:12  Adept (Chrono Boost)  
  26  2:16  Stargate  
  26  2:23  Probe  
  26  2:26  Warp Gate  
  27  2:31  Adept  
  27  2:36  Probe x2 (Chrono Boost)  
  31  2:45  Probe (Chrono Boost)  
  31  2:46  Probe (Chrono Boost)  
  31  2:50  Probe x2 (Chrono Boost)  
  33  2:57  Oracle (Chrono Boost)  
  35  3:02  Probe x2  
  40  3:13  Pylon  
  40  3:16  Probe  
  40  3:17  Probe  
  42  3:29  Phoenix  
  42  3:30  Probe  
  42  3:31  Probe  
  42  3:32  Assimilator  
  42  3:33  Gateway  
  46  3:35  Assimilator  
  46  3:40  Adept  
  46  3:43  Probe x2  
  46  3:48  Robotics Facility  
  48  3:55  Probe x2  
  50  3:59  Twilight Council  
  50  4:03  Pylon  
  50  4:07  Probe x2  
  52  4:16  Gateway x2  
  52  4:19  Probe  
  52  4:20  Probe  
  54  4:30  Zealot x2  
  58  4:32  Pylon  
  58  4:34  Warp Prism (Chrono Boost)  
  60  4:49  Charge  
  60  4:51  Templar Archives  
  60  5:04  Nexus  
  60  5:06  Pylon  
  60  5:10  Probe x2  
  60  5:11  Observer  
  63  5:19  Forge  
  63  5:22  Probe x2  
  63  5:28  High Templar x4  
  67  5:31  Pylon  
  67  5:32  Archon x2  
  73  5:38  Gateway  
  73  5:39  Gateway  
  73  5:43  Immortal (Chrono Boost)  
  77  5:50  Protoss Ground Weapons Level 1  
  77  6:00  Probe x2  
  79  6:10  Psionic Storm  
  79  6:12  Probe x2, Immortal (Chrono Boost)  
  85  6:19  Gateway  
  85  6:21  Gateway  
  85  6:32  Probe x3  
  88  6:34  Assimilator  
  88  6:36  Assimilator  
  88  6:41  Immortal (Chrono Boost)  
  92  6:49  Probe x3  
  92  6:50  High Templar  
  92  6:52  Pylon  
  97  6:54  High Templar  
  97  6:55  Pylon  
  99  7:06  Gateway  
  99  7:07  Probe x2, Gateway  
  101  7:10  Probe  
  101  7:11  Pylon  
  101  7:12  Pylon  
  101  7:15  Immortal (Chrono Boost), High Templar  
  108  7:23  High Templar  
  108  7:25  Photon Cannon  
  108  7:28  Photon Cannon  
  108  7:29  Pylon  
  110  7:30  Pylon  
  110  7:36  Zealot x4  
  118  7:43  Pylon  
  118  7:45  High Templar x2  
  118  7:49  Archon  
  118  7:51  Immortal  
  122  7:53  Protoss Ground Weapons Level 2 (Chrono Boost)  
  126  8:05  Zealot  
  126  8:06  Zealot  
  126  8:11  Zealot x3  
  126  8:12  Zealot x3  
  142  8:26  Zealot  
  144  8:34  High Templar x4  
  146  8:35  Zealot x2  
  146  8:38  Archon  
  146  8:39  Archon  
  156  8:43  Pylon  
  156  8:45  Pylon  
  156  8:46  Pylon, Observer  
  156  8:47  Pylon  
  155  8:58  Zealot  
  155  9:02  Zealot x4  
  165  9:03  Zealot  
  160  9:14  Probe x3  
  161  9:18  Observer (Chrono Boost)  
  161  9:23  Robotics Facility  
  162  9:28  Probe  
  162  9:29  Probe x2  
  165  9:32  High Templar x2  
  165  9:35  Photon Cannon  
  165  9:36  Archon  
  169  9:42  Pylon, Nexus  
  169  9:48  Immortal (Chrono Boost)  
  173  9:54  Probe  
  173  9:55  Probe x2  
  174  10:08  Pylon  
  174  10:10  Immortal (Chrono Boost), Photon Cannon  
  174  10:11  Photon Cannon  
  174  10:12  Photon Cannon  
  174  10:13  Photon Cannon  
  174  10:29  High Templar x5  
  174  10:30  High Templar  
  174  10:35  Archon x2, Photon Cannon  
  186  10:36  Pylon  
  186  10:37  Photon Cannon  
  186  10:38  Photon Cannon  
  186  10:43  Immortal  
  186  10:44  Photon Cannon  
  186  10:55  Zealot x4  
  194  11:02  Zealot x3  
  200  11:07  Zealot x3  
  168  11:24  Zealot x6  
  168  11:25  Zealot  
  180  11:30  Zealot x2  
  180  11:34  Zealot  
  164  11:46  Probe x3  
  149  11:48  Probe  
  124  12:07  High Templar x2  
  124  12:08  High Templar x2  

Tags
 
Add a new tag
Caveats
  • Supply blocks, unpowered buildings, or Contaminate may cause inaccurate times.
  • Supply counts are checked every 10 seconds.